 Dungeon Crawl Stone Soup version 0.29-a0-359-g541a27f54d (webtiles) character file.

Game seed: 15467107731242271865

45 Bruhh the Ogre Mage (level 3, 0/31 HPs)
             Began as an Ogre Air Elementalist on Apr 27, 2022.
             Slain by Terence
             ... wielding a +0 flail
              (5 damage)
             ... on level 2 of the Dungeon.
             The game lasted 00:02:34 (1439 turns).

Bruhh the Ogre Mage (Ogre Air Elementalist)         Turns: 1439, Time: 00:02:35

Health: 0/31       AC:  3    Str: 12    XL:     3   Next: 64%
Magic:  2/8        EV: 13    Int: 18    God:
Gold:   70         SH:  0    Dex:  9    Spells: 9/10 levels left

rFire   . . .      SeeInvis .   (no weapon)
rCold   . . .      Faith    .   (no shield)
rNeg    . . .      Spirit   .   a - +0 robe
rPois   .          Reflect  .   (helmet restricted)
rElec   .          Harm     .   (no cloak)
rCorr   .          Rampage  .   (gloves unavailable)
Will    .....                   (boots unavailable)
Stlth   +.........              (no amulet)
HPRegen 0.10/turn               g - +4 ring of evasion
MPRegen 0.11/turn               (no ring)

@: no status effects
A: large, unfitting armour, tough skin 1
a: no special abilities


You were on level 2 of the Dungeon.
You visited 1 branch of the dungeon, and saw 2 of its levels.

You collected 70 gold pieces.

Inventory:

Armour
 a - a +0 robe (worn)
Jewellery
 g - a +4 ring of evasion (left hand)
 i - a ring of protection from fire
Scrolls
 e - 6 scrolls of identify {unknown}
 h - a scroll of amnesia {unknown}
Potions
 b - a potion of magic
 c - 2 potions of brilliance {unknown}
 d - a potion of flight {unknown}
 f - a potion of curing {unknown}


   Skills:
 - Level 1.7 Dodging
 - Level 1.4 Stealth
 + Level 0.2 Unarmed Combat
 + Level 4.3 Spellcasting
 - Level 0.8 Conjurations
 - Level 2.6 Air Magic


You had 9 spell levels left.
You knew the following spells:

 Your Spells              Type           Power      Damage    Failure   Level
a - Shock                 Conj/Air       40%        1d5       7%          1

Your spell library contained the following spells:

 Spells                   Type           Power      Damage    Failure   Level
 Static Discharge         Conj/Air       10%        N/A       11%         2
 Swiftness                Air            13%        N/A       14%         3
 Airstrike                Air            6%         N/A       43%         4


Dungeon Overview and Level Annotations

Branches:
Dungeon (2/15)

Altars:

Shops:
D:1 (

Annotations:
D:2 Terence


Innate Abilities, Weirdness & Mutations

You are too large for most types of armour.
You have tough skin. (AC +1)


Message History

Found 11 gold pieces.
Found a stone staircase leading up.
A rat is nearby!
A rat is nearby!
A rat is nearby!
Terence the Incautious comes into view.
He is wielding a +0 flail.
The zap hits Terence but does no damage.
Terence shouts!
The zap hits Terence.
Terence is moderately wounded.
The zap hits Terence but does no damage.
Terence is moderately wounded.
An endoplasm comes into view.
The zap misses the rat.
The zap misses Terence.
Terence barely misses you.
The zap hits Terence but does no damage.
Terence is moderately wounded.
Terence misses you. The rat bites you.
The zap hits Terence.
Terence is moderately wounded.
The endoplasm jiggles.
A hobgoblin comes into view.
The rat barely misses you. Terence misses you.
You miscast Shock.
You are very lightly contaminated with residual magic.
Nothing appears to happen.
The hobgoblin shouts!
The rat misses you. Terence hits you with a +0 flail.
You are too depleted to draw on your mana recklessly!
The rat attacks as you move away! The rat bites you but does no damage.
Terence attacks as you move away! Terence barely misses you.
Terence attacks as you move away! Terence hits you with a +0 flail!
Terence attacks as you move away! Terence barely misses you.
The rat twitches its whiskers.
Terence attacks as you move away! Terence hits you with a +0 flail!
Your magical contamination has completely faded away.
Terence attacks as you move away! Terence closely misses you.
Terence attacks as you move away! Terence hits you with a +0 flail!
* * * LOW HITPOINT WARNING * * *
Terence attacks as you move away! Terence hits you with a +0 flail.
You die...

### #.# ..#
#.# ##.## ..#
...# #.# #..#
#.# #..# #.#
##########..#
#.#
#...........)
#@#
#^####.###..#
##@####.####.#
#..#
#............#
#..#
#r############
#..# #.# #...
#J# ##.# #.#
#.# #g# #.#


You could see Terence, an endoplasm, a hobgoblin and a rat.

Vanquished Creatures
  An adder (D:2)
  A dart slug (D:1)
  6 bats (D:1)
  4 endoplasms (D:1)
  4 goblins (D:1)
  2 hobgoblins
  4 kobolds
  A quokka (D:1)
  3 ball pythons
  2 frilled lizards (D:1)
  2 rats
30 creatures vanquished.

Notes
Turn   | Place    | Note
-------+----------+-------------------------------------------
     0 | D:1      | Bruhh the Ogre Air Elementalist began the quest for the
                  | Orb.
     0 | D:1      | Reached XP level 1. HP: 16/16 MP: 3/3
   183 | D:1      | Reached skill level 3 in Spellcasting
   186 | D:1      | Reached XP level 2. HP: 24/24 MP: 0/6
   648 | D:1      | Reached XP level 3. HP: 26/31 MP: 1/8
   843 | D:1      | Found Koanyif's Weapon Shop.
   876 | D:1      | Reached skill level 4 in Spellcasting
  1418 | D:2      | Noticed Terence
  1439 | D:2      | Slain by Terence

Illustrated notes

Levels and vault maps discovered:
D:1:      heliophobic_arrival_ceremonial_halls, layout_loops_ring, serial_shops,
          nicolae_diamond_shop
D:2:      layout_loops_ring, uniq_terence

Skill      XL: |  1  2  3 |
---------------+----------+-----
Spellcasting   | 3 4 |  4.3
Dodging        | |  1.7
Stealth        | |  1.4
Unarmed Combat | |  0.2
Conjurations   | |  0.8
Air Magic      | |  2.6

Action                   || total
-------------------------++-------
Melee: Unarmed           ||    12
 Cast: Shock             ||    68
Armor: Robe              ||    13
Dodge: Dodged            ||    28

Table legend: (Time is in decaauts)
 A = Elapsed time spent in this place.
 B = Non-inter-level travel time spent in this place.
 C = Inter-level travel time spent in this place.
 D = Time resting spent in this place.
 E = Time spent auto-exploring this place.
 F = Levels seen in this place.
 G = Mean time per level.
                   A        B        C        D        E       F      G
               +--------+--------+--------+--------+--------+-----+--------+
         Total |   1438 |   1383 |     55 |      0 |   1185 |   2 |  719.0 |
       Dungeon |   1438 |   1383 |     55 |      0 |   1185 |   2 |  719.0 |
               +--------+--------+--------+--------+--------+-----+--------+

Top non-repeatable levels by time:
     D:1: 1120 daAuts
     D:2: 317 daAuts
